 Dungeon Crawl Stone Soup version 0.23-a0-619-g281719c (console) character file.

169 bli the Poker (level 5, -5/42 HPs)
             Began as a Merfolk Abyssal Knight on Dec 22, 2018.
             Was a Believer of Lugonu.
             Slain by a wyvern skeleton (11 damage)
             ... on level 4 of the Dungeon.
             The game lasted 00:10:17 (3005 turns).

bli the Poker (Merfolk Abyssal Knight)              Turns: 3005, Time: 00:10:18

Health: -5/42      AC:  3    Str: 12    XL:     5   Next: 50%
Magic:  6/6        EV: 13    Int: 12    God:    Lugonu [**....]
Gold:   212        SH:  0    Dex: 14    Spells: 4/4 levels left

rFire    . . .     SeeInvis .   a - +1 spear
rCold    + . .     Gourm    .   (no shield)
rNeg     . . .     Faith    .   b - +0 leather armour
rPois    .         Spirit   .   (no helmet)
rElec    .         Reflect  .   (no cloak)
rCorr    .         Harm     .   (no gloves)
MR       .....                  (no boots)
Stlth    +.........             (no amulet)
HPRegen  0.14/turn              d - ring of protection from cold
MPRegen  0.10/turn              (no ring)

@: no status effects
A: change form in water, swift swim, stealthy swim
a: Depart the Abyss, Bend Space, Renounce Religion


You were on level 4 of the Dungeon.
You worshipped Lugonu.
Lugonu was pleased with you.
You were not hungry.

You visited 1 branch of the dungeon, and saw 4 of its levels.
You visited the Abyss 1 time.

You collected 212 gold pieces.

Inventory:

Hand Weapons
 a - a +1 spear (weapon)
Missiles
 e - 83 stones (quivered)
 r - 2 tomahawks
Armour
 b - a +0 leather armour (worn)
 j - a +0 ring mail
 l - a +0 scale mail
Jewellery
 d - a ring of protection from cold (left hand)
Scrolls
 f - a scroll of blinking {unknown}
 h - a scroll of teleportation {unknown}
 m - a scroll of identify {unknown}
 n - a scroll of enchant weapon {unknown}
 o - 2 scrolls of magic mapping {unknown}
 q - a scroll of amnesia {unknown}
 s - a scroll of fear {unknown}
 t - a scroll of immolation {unknown}
Potions
 g - a potion of magic {unknown}
 i - a potion of might {unknown}
 p - 2 potions of haste {unknown}
Comestibles
 c - 6 rations
 k - a chunk of flesh


   Skills:
 * Level 3.7 Fighting
 + Level 6.8 Polearms
 - Level 1.0 Armour
 + Level 3.2 Dodging
 + Level 0.3 Stealth
 + Level 2.4 Invocations


You had 4 spell levels left.
You didn't know any spells.
Your spell library was empty.

Dungeon Overview and Level Annotations

Branches:
Dungeon (4/15)
 Temple: D:4-7

Altars:
Yredelemnul


Message History

You hit the wyvern skeleton.
The wyvern skeleton is heavily damaged.
The wyvern skeleton bites you!
You hit the wyvern skeleton.
The wyvern skeleton is heavily damaged.
The wyvern skeleton misses you.
You hit the wyvern skeleton.
The wyvern skeleton is severely damaged.
The wyvern skeleton bites you!
* * * LOW HITPOINT WARNING * * *
You hit the wyvern skeleton.
The wyvern skeleton is severely damaged.
The wyvern skeleton bites you but does no damage.
You hit the wyvern skeleton but do no damage.
The wyvern skeleton is severely damaged.
The wyvern skeleton completely misses you.
You hit the wyvern skeleton.
The wyvern skeleton is severely damaged.
The wyvern skeleton bites you!
You die...

###### ....?#######
#.........#
#.........#
#.........#
#.........#
#....@....########
......Z.............
#####.###....######
..............#
#......#....#...#
#.............###.#
#............<'...#
####.##.......#######
................
........#######..
.................


You could see a wyvern skeleton.

Vanquished Creatures
  6 adders
  An ufetubus (Abyss:1)
  2 worms (D:2)
  6 dart slugs
  6 leopard geckos
  5 orcs (D:3)
  2 ball pythons (D:2)
  6 bats
  6 giant cockroaches
  5 goblins
  4 hobgoblins
  4 jackals (D:1)
  A quokka (D:3)
  3 frilled lizards
  7 kobolds
  10 rats
74 creatures vanquished.

Vanquished Creatures (others)
  A gnoll (D:1)
1 creature vanquished.

Grand Total: 75 creatures vanquished

Notes
Turn   | Place    | Note
-------+----------+-------------------------------------------
     0 | Abyss:1  | bli the Merfolk Abyssal Knight began the quest for the Orb.
     0 | Abyss:1  | Reached XP level 1. HP: 18/18 MP: 2/2
    74 | Abyss:1  | Noticed a small abomination
   124 | Abyss:1  | Noticed a worldbinder
   125 | Abyss:1  | Noticed a deep elf knight
   125 | Abyss:1  | Noticed a deep elf mage
   126 | D:1      | Escaped the Abyss
   310 | D:1      | Reached XP level 2. HP: 16/24 MP: 3/3
   471 | D:1      | Reached skill level 4 in Polearms
   496 | D:1      | Reached skill level 1 in Armour
   611 | D:1      | Reached XP level 3. HP: 29/29 MP: 4/4
   630 | D:1      | Reached * piety under Lugonu
  1221 | D:2      | Reached skill level 5 in Polearms
  1277 | D:2      | Reached XP level 4. HP: 33/35 MP: 5/5
  1763 | D:2      | Reached skill level 6 in Polearms
  2045 | D:2      | Reached XP level 5. HP: 34/41 MP: 6/6
  2286 | D:3      | Reached ** piety under Lugonu
  2465 | D:3      | Found a basalt altar of Yredelemnul.
  2738 | D:3      | Found a faded altar of an unknown god.
  3005 | D:4      | Slain by a wyvern skeleton

Vault maps used:
D:1:      scummos_arrival_checkerplants, wander_ebering_terrifying_dragon_lair
D:2:      chequers_mini_garden
D:3:      marbit_many_paths, chequers_ecumenical_altar_island
D:4:      minmay_overflow_temple_star_quad, nicolae_overflow_hidden_temple,
          first_ration
Abyss:1:  bh_abyss_exit_grid

Skill      XL: |  1  2  3  4 |
---------------+-------------+-----
Dodging        | 3 |  3.2
Polearms       | 4 5 6 |  6.8
Armour         | 1 |  1.0
Fighting       | |  3.7
Stealth        | |  0.3
Invocations    | |  2.4

Action                   |  1- 3 |  4- 6 || total
-------------------------+-------+-------++-------
Melee: Spear             |   118 |   181 ||   299
Throw: Stone             |     1 |    14 ||    15
Invok: Depart the Abyss  |     1 |       ||     1
 Stab: Sleeping          |     3 |     2 ||     5
  Eat: Chunk             |     1 |     6 ||     7
Armor: Leather armour    |    22 |    18 ||    40
Dodge: Dodged            |    83 |    50 ||   133

Table legend:
 A = Non-vault XP
 B = Vault XP
 C = Vault XP percentage of total XP
 D = Non-vault monster count
 E = Vault monster count
 F = Vault count percentage of total count
                 A         B        C        D         E       F
            +---------+---------+-------+---------+---------+-------
      Total |     236 |       6 |   2.5 |      73 |       2 |   2.7
            +---------+---------+-------+---------+---------+-------
        D:1 |      60 |       3 |   4.8 |      24 |       1 |   4.0
        D:2 |      98 |       0 |   0.0 |      24 |       0 |   0.0
        D:3 |      70 |       3 |   4.1 |      24 |       1 |   4.0
    Abyss:1 |       8 |       0 |   0.0 |       1 |       0 |   0.0
            +---------+---------+-------+---------+---------+-------
